AoeStats
← SpritualWarrior

Scandinavia

510775652Analyzed
1v1 RM · 15h ago on Oct 2, 2026· 27m 20s· 2 players
Game mode
Random Map
Map size
Tiny (2 player)
Population
200
Speed
Normal
Resources
Standard
Victory
Conquest
Starting age
Dark Age
Ending age
Imperial Age
RankedLock teamsTeams togetherTeam positionsShared explorationLock speedFull tech treeHidden civsTurbo modeCheats
Victory
Defeat
🇮🇳 Varangians · India
1397
+17
🇭🇺 Mongols · Hungary
1418
-17
SpritualWarrior
6:48 Loom
9:17 Feudal Age
9:54 Double-Bit Axe
14:26 Bloodlines
16:03 Town Watch
19:51 Castle Age
18:32 Gold Mining
18:57 Forging
18:43 Horse Collar
21:25 Wheelbarrow
21:04 Bow Saw
22:13 Forging
23:27 Scale Barding Armor
27:20 Chain Barding Armor
Xan666
7:43 Loom
10:23 Feudal Age
13:26 Double-Bit Axe
15:45 Castle Age
20:28 Medium Warships
20:23 Horse Collar
22:54 Gold Mining
Connection lost

Rejoining the realm…

Still unreachable

The connection could not be restored.

Session expired

The server has moved on; the page needs a fresh start.